 Dungeon Crawl Stone Soup version 0.21.1-1-g345015f (console) character file.

5593 fly the Fighter (level 10, -10/110 HPs)
             Began as an Ogre Hunter on June 5, 2018.
             Was an Initiate of Okawaru.
             Mangled by a four-headed hydra (13 damage)
             ... on level 9 of the Dungeon.
             The game lasted 00:29:38 (13884 turns).

fly the Fighter (Ogre Hunter)                      Turns: 13884, Time: 00:29:38

Health: -10/110    AC:  4    Str: 18    XL:     10   Next: 73%
Magic:  15/15      EV: 15    Int: 15    God:    Okawaru [......]
Gold:   400        SH:  3    Dex: 12    Spells: 16/16 levels left

rFire    + + .     SeeInvis .   b - +2 dagger {flame, rF++ Int+3}
rCold    . . .     Gourm    .   (no shield)
rNeg     + . .     Faith    .   w - +0 robe
rPois    .         Spirit   .   (helmet restricted)
rElec    .         Reflect  +   q - +0 cloak
rCorr    .         Harm     .   (gloves unavailable)
MR       +....                  (boots unavailable)
Stlth    ++........             u - +3 amulet of reflection
HPRegen  0.28/turn              t - ring of positive energy
MPRegen  0.14/turn              L - ring of stealth

@: drained
A: large, unfitting armour, tough skin 1
a: Renounce Religion


You were on level 9 of the Dungeon.
You worshipped Okawaru.
Okawaru was noncommittal.
You were hungry.

You visited 2 branches of the dungeon, and saw 10 of its levels.
You also visited: Sewer.

You collected 400 gold pieces.

Inventory:

Hand Weapons
 a - a +3 quarterstaff of chaos
 b - the +2 dagger of the Apocalypse (weapon) {flame, rF++ Int+3}
   (You took it off an orc wizard on level 6 of the Dungeon)

   It has been specially enchanted to burn those struck by it, causing extra
   injury to most foes and up to half again as much damage against particularly
   susceptible opponents.
   It affects your intelligence (+3).
   It greatly protects you from fire.
 c - a +1 rapier of venom
Missiles
 d - a throwing net
 i - 309 stones (quivered)
 J - 3 curare-tipped needles
 K - 3 large rocks
Armour
 q - a +0 cloak (worn)
 w - a +0 robe (worn)
Jewellery
 t - a ring of positive energy (left hand)
 u - a +3 amulet of reflection (around neck)
 y - an uncursed ring of fire
 L - a ring of stealth (right hand)
Wands
 C - a wand of acid (1)
Scrolls
 e - 3 scrolls of remove curse
 g - 2 scrolls of magic mapping {unknown}
 j - 7 scrolls of teleportation {unknown}
 k - 3 scrolls of amnesia {unknown}
 l - a scroll of holy word {unknown}
 n - 3 scrolls of fear {unknown}
 o - a scroll of enchant armour {unknown}
 r - 4 scrolls of blinking
 v - 2 scrolls of immolation {unknown}
 x - 2 scrolls of random uselessness {unknown}
 E - a scroll of noise {unknown}
 F - 2 scrolls of fog {unknown}
Potions
 m - 3 potions of curing
 p - a potion of resistance
 s - 3 potions of haste
 z - 2 potions of agility
 A - 4 potions of might
 B - 2 potions of heal wounds
 D - a potion of brilliance
 G - a potion of mutation {unknown}
 I - a potion of flight {unknown}
Comestibles
 f - 20 rations
 h - 5 chunks of flesh


   Skills:
 - Level 10.0(9.9) Fighting
 - Level 9.0(8.9) Throwing
 - Level 10.0(9.9) Dodging
 - Level 0.6 Stealth
 + Level 3.9 Spellcasting


You had 16 spell levels left.
You didn't know any spells.

Dungeon Overview and Level Annotations

Branches:
Dungeon (9/15)             Temple (1/1) D:7
   Lair: D:8-11         Orc: D:9-12

Altars:
Ashenzari
Cheibriados
Dithmenos
Elyvilon
Fedhas
Gozag
Hepliaklqana
Kikubaaqudgha
Makhleb
Nemelex Xobeh
Okawaru
Qazlal
Ru
Sif Muna
Trog
Uskayaw
Vehumet
Wu Jian
Xom
Yredelemnul
Zin
The Shining One

Shops:
D:4 *

Annotations:
D:9 2 runed doors


Innate Abilities, Weirdness & Mutations

You are too large for most types of armour.
You have tough skin. (AC +1)


Message History

The four-headed hydra bites you! x3
You hit the four-headed hydra. You burn the four-headed hydra.
The four-headed hydra is moderately wounded.
The gnoll hits you from afar with a spear.
The four-headed hydra bites you! x2
* * * LOW HITPOINT WARNING * * *
The four-headed hydra bites you.
* * * LOW HITPOINT WARNING * * *
The four-headed hydra bites you!
* * * LOW HITPOINT WARNING * * *
You hit the four-headed hydra. You burn the four-headed hydra.
The four-headed hydra is moderately wounded.
The gnoll barely misses you.
The four-headed hydra barely misses you.
The four-headed hydra bites you.
* * * LOW HITPOINT WARNING * * *
The four-headed hydra bites you!
* * * LOW HITPOINT WARNING * * *
The four-headed hydra bites you!
You die...

############ .
...........# ...
............#######...(.
................@Dg(((..
#...........#######.####
#.).......## #.........#
#.........# #.........#
#.........# ##.....###.#
.....).# #+#


You could see a four-headed hydra and a gnoll.

Vanquished Creatures
  2 two-headed ogres (D:8)
  Pikel (D:6)
  An oklob plant (D:3)
  The ghost of diana the Slasher, a novice DsGl of Dithmenos (D:4)
  A troll (D:9)
  Eustachio (D:4)
  3 ice beasts (D:7)
  2 orc warriors
  A sky beast (D:6)
  A slave (D:7)
  A black bear (D:6)
  An ogre (D:5)
  2 phantoms
  4 centaurs
  2 bullfrogs (D:6)
  A scorpion (D:4)
  4 wights (D:9)
  2 howler monkeys
  A crimson imp (D:6)
  A centaur zombie (D:7)
  6 hounds
  7 orc wizards
  Crazy Yiuf (D:4)
  4 orc priests
  A gnoll shaman (D:5)
  6 worker ants
  2 hound zombies
  A howler monkey skeleton (D:7)
  10 adders
  14 gnolls
  2 shadow imps (D:6)
  3 oozes
  An adder zombie (D:8)
  2 worms
  3 dart slugs
  A leopard gecko (D:1)
  40 orcs
  12 bats
  3 giant cockroaches
  14 goblins
  11 hobgoblins
  14 jackals
  15 kobolds
  4 quokkas
  5 ball pythons
  10 frilled lizards
  6 rats
  A fungus (D:3)
232 creatures vanquished.

Vanquished Creatures (others)
  A centaur (D:7)
  A wyvern skeleton (D:7)
  A plant (D:6)
3 creatures vanquished.

Grand Total: 235 creatures vanquished

Notes
Turn   | Place    | Note
-------+----------+-------------------------------------------
     0 | D:1      | fly the Ogre Hunter began the quest for the Orb.
     0 | D:1      | Reached XP level 1. HP: 22/22 MP: 1/1
   373 | D:1      | Reached XP level 2. HP: 3/31 MP: 2/2
   829 | D:1      | Reached XP level 3. HP: 15/37 MP: 3/3
  1321 | D:1      | Reached skill level 5 in Throwing
  2126 | D:2      | Reached XP level 4. HP: 45/45 MP: 4/4
  3076 | D:4      | Noticed a phantom
  3086 | D:5      | Entered Level 5 of the Dungeon
  3433 | D:5      | HP: 2/45 [orc/club (3)]
  3764 | D:5      | HP: 1/45 [orc wizard/magic dart (3)]
  3765 | D:5      | Reached XP level 5. HP: 1/53 MP: 5/5
  4146 | D:4      | Killed a phantom
  4171 | D:4      | Noticed diana's ghost (novice DsGl)
  4549 | D:3      | Reached XP level 6. HP: 53/63 MP: 6/6
  4722 | D:3      | Found a blossoming altar of Fedhas.
  4745 | D:3      | Noticed an oklob plant
  4847 | D:3      | Killed an oklob plant
  4847 | D:3      | Reached XP level 7. HP: 76/76 MP: 7/7
  5457 | D:4      | Noticed Eustachio
  5458 | D:4      | Found a shattered altar of Ashenzari.
  5485 | D:4      | Reached skill level 5 in Dodging
  6424 | D:4      | Found Oxtudgh's Elemental Accessories.
  6601 | D:4      | Reached XP level 8. HP: 78/84 MP: 8/8
  6621 | D:4      | Killed Eustachio
  6788 | D:4      | Found a runed door.
  7071 | D:4      | Noticed Crazy Yiuf
  7084 | D:4      | Killed Crazy Yiuf
  7272 | D:5      | Found a stormy altar of Qazlal.
  7498 | D:5      | Found a sacrificial altar of Ru.
  7837 | D:5      | Found a white marble altar of Elyvilon.
  7934 | D:4      | Killed diana's ghost
  7934 | D:4      | Reached XP level 9. HP: 49/92 MP: 9/9
  7998 | D:6      | Found a stormy altar of Qazlal.
  8343 | D:6      | Found a glowing drain.
  8361 | Sewer    | Entered a sewer
  9505 | D:6      | Got a shimmering dagger {flame}
  9855 | D:6      | Found a glowing golden altar of the Shining One.
  9960 | D:6      | Identified the cursed +2 dagger of the Apocalypse {flame, rF++ Int+3} (You took it off an orc wizard on level 6 of the Dungeon)
 10038 | D:5      | Found an ancient bone altar of Kikubaaqudgha.
 10512 | D:7      | Noticed Pikel
 10681 | D:7      | Found a staircase to the Ecumenical Temple.
 10921 | D:6      | Killed Pikel
 11059 | D:7      | Reached XP level 10. HP: 16/104 MP: 15/15
 11977 | Temple   | Entered the Ecumenical Temple
 12042 | Temple   | Became a worshipper of Warmaster Okawaru
 12131 | D:8      | Noticed a two-headed ogre
 12686 | D:8      | Found a burning altar of Makhleb.
 12686 | D:8      | Noticed a green death
 12783 | D:8      | Killed a two-headed ogre
 13537 | D:8      | Noticed a two-headed ogre
 13541 | D:8      | Killed a two-headed ogre
 13669 | D:9      | Reached skill level 10 in Fighting
 13758 | D:9      | Reached skill level 10 in Dodging
 13762 | D:9      | Found a huge runed gate.
 13762 | D:9      | Found a huge runed gate.
 13872 | D:9      | Noticed a four-headed hydra
 13884 | D:9      | HP: 3/110 [four-headed hydra (12)]
 13884 | D:9      | Mangled by a four-headed hydra

Skill      XL: |  1  2  3  4  5  6  7  8  9 10 |
---------------+-------------------------------+-----
Fighting       | 3 4 6 8 10 | 10.0
Throwing       | 5 6 8 9 |  9.0
Dodging        | 2 4 5 6 8 10 | 10.0
Spellcasting   | 3 |  3.9
Stealth        | |  0.6

Action                   |  1- 3 |  4- 6 |  7- 9 | 10-12 || total
-------------------------+-------+-------+-------+-------++-------
Melee: Short sword       |   129 |       |       |       ||   129
       Hand axe          |    39 |   160 |   110 |       ||   309
       Rapier            |       |       |   267 |    28 ||   295
       Quarterstaff      |       |       |    33 |    36 ||    69
       Dagger            |       |       |    28 |    21 ||    49
Throw: Throwing net      |     1 |     2 |       |     1 ||     4
       Stone             |    47 |   196 |   152 |   117 ||   512
       Large rock        |       |    11 |    23 |     5 ||    39
Evoke: Wand              |       |       |     6 |     1 ||     7
  Use: Scroll            |       |       |    11 |     1 ||    12
       Potion            |       |       |     1 |       ||     1
 Stab: Sleeping          |       |       |     1 |       ||     1
  Eat: Chunk             |     4 |     7 |    20 |     7 ||    38
       Ration            |       |       |       |     1 ||     1
Armor: Robe              |    42 |    53 |    90 |     9 ||   194
Dodge: Dodged            |   109 |   103 |   347 |    63 ||   622
Block: Other             |       |       |    66 |     6 ||    72
       Reflection        |       |       |     2 |       ||     2
